AoeStats
← luke

Arabian Desert

509350014Analyzed
1v1 RM · 7d ago on Sep 26, 2026· 32m 25s· 2 players
Game mode
Random Map
Map size
Tiny (2 player)
Population
200
Speed
Normal
Resources
Standard
Victory
Conquest
Starting age
Dark Age
Ending age
Imperial Age
RankedLock teamsTeams togetherTeam positionsShared explorationLock speedFull tech treeHidden civsTurbo modeCheats
Victory
Defeat
🇬🇧 Slavs · United Kingdom
774
+14
🇧🇷 Chinese · Brazil
720
-14
luke
2:19 Loom
12:14 Feudal Age
12:36 Horse Collar
12:44 Double-Bit Axe
12:53 Gold Mining
22:55 Bloodlines
22:57 Scale Barding Armor
26:26 Castle Age
26:02 Forging
25:53 Scale Mail Armor
27:11 Pikeman
29:47 Town Watch
PQP | Enigma@!
0:32 Loom
9:41 Feudal Age
30:32 Castle Age
29:32 Scale Barding Armor
29:38 Forging
29:22 Double-Bit Axe
29:22 Horse Collar
Connection lost

Rejoining the realm…

Still unreachable

The connection could not be restored.

Session expired

The server has moved on; the page needs a fresh start.